 Dungeon Crawl Stone Soup version 0.16-a0-326-g6f2d4d4 (webtiles) character file.

718 PolkaDot the Summoner (level 7, -4/46 HPs)
             Began as a Vampire Summoner on Sept 4, 2014.
             Was a Follower of Sif Muna.
             Slain by a gnoll
             ... wielding a +2 spear of venom
              (7 damage)
             ... on Level 5 of the Dungeon.
             The game lasted 00:22:00 (5711 turns).

PolkaDot the Summoner (Vampire Summoner)            Turns: 5711, Time: 00:22:00

HP  -4/46        AC  7     Str  7      XL: 7   Next: 42%
MP   9/12        EV 10     Int 19      God: Sif Muna [*.....]
Gold 198         SH  0     Dex 14      Spells:  4 memorised,  0 levels left

rFire  . . .     SeeInvis +     s - +3 quarterstaff (chaos)
rCold  . . .     Clarity  .     t - +2 leather armour {rPois}
rNeg   . . .     rCorr    .     (no shield)
rPois  +         rRot     .     b - +0 helmet
rElec  .         Spirit   .     n - +0 cloak
SustAb .         Warding  .     (no gloves)
rMut   .         Stasis   .     (no boots)
Gourm  .                        f - amulet of faith
MR     .....                    (no ring)
                                (no ring)

@: lethally poisoned, regenerating quickly, not resistant to hostile
enchantments, unstealthy
A: bottle blood, fangs 3, see invisible, unbreathing
a: Bottle Blood, Channel Energy, Renounce Religion


You were on level 5 of the Dungeon.
You worshipped Sif Muna.
Sif Muna was aware of your devotion.
You were very full.

You visited 2 branches of the dungeon, and saw 6 of its levels.

You collected 198 gold pieces.

Inventory:

Hand weapons
 s - a +3 quarterstaff of chaos (weapon)
Armour
 b - a +0 helmet (worn)
 n - a +0 cloak (worn)
 o - a +0 robe
 t - a +2 leather armour of poison resistance (worn)
Magical devices
 p - a wand of digging (14) {unknown}
 q - a wand of flame (10) {unknown}
 v - a wand of random effects (9) {unknown}
Scrolls
 c - 2 scrolls of recharging {unknown}
 d - a scroll of enchant armour
 g - 3 scrolls of remove curse
 l - a scroll of immolation
 m - a scroll of amnesia {unknown}
 u - a scroll of teleportation {unknown}
Jewellery
 f - an amulet of faith (around neck)
Potions
 a - a potion of poison {unknown}
 e - a potion of lignification
 h - a potion of magic
 j - a potion of confusion {unknown}
 k - a potion of brilliance
Books
 i - a book of Callings

   Spells                             Type                      Level
   *Summon Small Mammal               Summoning                    1
   *Call Imp                          Summoning                    2
   *Call Canine Familiar              Summoning                    3
   Summon Guardian Golem              Hexes/Summoning              4
   Summon Lightning Spire             Summoning/Air                4
   *Summon Ice Beast                  Ice/Summoning                4


   Skills:
 - Level 2.1 Dodging
 - Level 3.0 Stealth
 - Level 2.0 Spellcasting
 - Level 9.2 Summonings
 + Level 0.4 Ice Magic


You couldn't memorise any spells.
You knew the following spells:

 Your Spells              Type           Power        Failure   Level  Hunger
a - Summon Small Mammal   Summ           ####         1%          1    #......
d - Call Canine Familiar  Summ           #####...     1%          3    ####...
i - Summon Ice Beast      Ice/Summ       ###.....     28%         4    #####..
s - Call Imp              Summ           #####...     1%          2    ##.....


Dungeon Overview and Level Annotations

Branches:
Dungeon (5/15)             Temple (1/1) D:5

Altars:
Ashenzari
Dithmenos
Elyvilon
Fedhas
Gozag
Kikubaaqudgha
Makhleb
Nemelex Xobeh
Okawaru
Qazlal
Sif Muna
Trog
Xom
Yredelemnul
Zin


Innate Abilities, Weirdness & Mutations

Your natural rate of healing is unusually fast.
You can bottle blood from corpses.
You have razor-sharp teeth.
You have supernaturally acute eyesight.
You can survive without breathing.


Message History

Read which item? (? for menu, Esc to quit)
Okay, then.
You feel sick.
The gnoll shaman calls upon its god to heal the gnoll.
The gnoll's wounds heal themselves!
The gnoll shaman calls upon its god to speed up the gnoll.
The gnoll seems to speed up.
Drink which item? (? for menu, Esc to quit)
Okay, then.
Casting: Call Imp
Confirm with . or Enter, or press ? or * to list all spells.
The gnoll splashes around in the water.
The gnoll misses you.
You feel sick.
Your hound bites the gnoll.
Your hound bites the gnoll.
The gnoll barely misses your hound. The gnoll misses you.
Your hound bites the gnoll.
The gnoll hits your hound with a spear! The gnoll closely misses you.
The gnoll hits your hound with a halberd.
Your hound barely misses the gnoll.
The gnoll hits you from afar with a spear of venom!
You die...

#...#..# #.#######.
#.#...## #.# #. #.#####
#.# #. #.# ### #####. #.#
#... ..##. #.#####.# #
#.##.
#.##....###.####.##.
##.#..................
#.##)@.....#####.#.##.
#....g......# #......
#>....#...gg....# #......
#.### #...h.....# #......
.######..gggg.#####...##.
........%gg.g.....)......
≈≈≈≈≈≈≈≈).g..≈≈≈≈≈≈≈≈≈≈≈≈
≈≈≈≈≈≈≈≈.gg.≈≈≈≈≈≈≈≈≈≈≈≈
≈≈≈≈≈≈≈≈g...≈≈≈≈≈≈≈≈≈≈≈≈


You could see a gnoll sergeant, a gnoll shaman, 12 gnolls and a friendly hound.

Vanquished Creatures
  Eustachio (D:4)
  Purgy (D:3)
  A sky beast (D:5)
  Sigmund (D:4)
  A jelly (D:5)
  A hound (D:5)
  Crazy Yiuf (D:3)
  4 gnolls
  5 adders
  2 green rats (D:4)
  A giant mite (D:2)
  2 worms
  5 giant geckos
  An ooze (D:2)
  12 orcs
  Natasha (D:4)
  A ball python (D:1)
  A bat zombie (D:5)
  4 giant cockroaches
  5 hobgoblins
  2 kobolds
  2 quokkas (D:4)
  8 bats
  A giant gecko zombie (D:1)
  4 giant newts
  10 goblins
  A hobgoblin zombie (D:5)
  3 jackals (D:5)
  6 rats
88 creatures vanquished.

Vanquished Creatures (collateral kills)
  An ice beast (D:5)
  A goliath beetle (D:4)
  2 iguanas
  Natasha (twice) (D:4)
  3 adders
  3 gnolls
  A giant mite (D:1)
  An ooze (D:3)
  6 goblins
  4 hobgoblins
  A jackal (D:5)
  3 kobolds
  A bat (D:4)
  3 giant newts (D:1)
  A rat (D:2)
33 creatures vanquished.

Vanquished Creatures (others)
  A wolf (D:5)
  5 crimson imps
  8 hounds
  A shadow imp (D:3)
  4 white imps
  3 bats (D:1)
  A rat (D:5)
23 creatures vanquished.

Grand Total: 144 creatures vanquished

Notes
Turn   | Place    | Note
--------------------------------------------------------------
     0 | D:1      | PolkaDot, the Vampire Summoner, began the quest for the Orb.
     0 | D:1      | Reached XP level 1. HP: 13/13 MP: 3/3
   242 | D:1      | Reached XP level 2. HP: 7/19 MP: 0/4
   560 | D:1      | Learned a level 2 spell: Call Imp
  1355 | D:2      | Reached skill level 5 in Summonings
  1372 | D:2      | Found a shimmering altar of Xom.
  1372 | D:2      | Found a shimmering altar of Xom.
  1372 | D:2      | Found a shimmering altar of Xom.
  1372 | D:2      | Found a shimmering altar of Xom.
  1373 | D:2      | Found a shimmering altar of Xom.
  1373 | D:2      | Found a shimmering altar of Xom.
  1392 | D:2      | Reached XP level 3. HP: 24/24 MP: 6/6
  1677 | D:2      | Learned a level 3 spell: Call Canine Familiar
  2147 | D:2      | Reached XP level 4. HP: 28/30 MP: 7/7
  2387 | D:3      | Reached skill level 6 in Summonings
  2771 | D:3      | Reached XP level 5. HP: 35/35 MP: 6/9
  2817 | D:3      | Noticed Purgy
  2841 | D:3      | Killed Purgy
  3098 | D:3      | Found a shattered altar of Ashenzari.
  3160 | D:3      | Reached skill level 7 in Summonings
  3364 | D:3      | Noticed Crazy Yiuf
  3383 | D:3      | Killed Crazy Yiuf
  3874 | D:5      | Entered Level 5 of the Dungeon
  3951 | D:5      | Noticed a sky beast
  3968 | D:5      | Killed a sky beast
  3968 | D:5      | Reached XP level 6. HP: 17/41 MP: 3/10
  4023 | D:5      | Found a staircase to the Ecumenical Temple.
  4050 | Temple   | Entered the Ecumenical Temple
  4233 | Temple   | Became a worshipper of Sif Muna the Loreminder
  4294 | D:4      | Noticed Natasha
  4303 | D:4      | Killed Natasha
  4326 | D:4      | Reached skill level 8 in Summonings
  4551 | D:4      | Noticed Eustachio
  4703 | D:4      | Killed Eustachio
  4814 | D:4      | Noticed Sigmund
  4835 | D:4      | Killed Sigmund
  4835 | D:4      | Reached XP level 7. HP: 29/46 MP: 4/12
  4842 | D:4      | Learned a level 4 spell: Summon Ice Beast
  4854 | D:4      | Found a burning altar of Makhleb.
  4923 | D:4      | Noticed Natasha
  4927 | D:4      | Killed Natasha
  4927 | D:4      | Acquired Sif Muna's first power
  5248 | D:4      | Noticed Natasha
  5253 | D:4      | Killed Natasha
  5509 | D:5      | Reached skill level 9 in Summonings
  5649 | D:5      | Noticed a hippogriff
  5704 | D:5      | HP: 2/46 [poisoned by a gnoll]
  5711 | D:5      | Slain by a gnoll

Action                   |  1- 3 |  4- 6 |  7- 9 || total
-------------------------+-------+-------+-------++-------
Melee: Unarmed           |    71 |       |       ||    71
       Dagger            |    84 |    28 |       ||   112
       Short sword       |       |    51 |       ||    51
       Quarterstaff      |       |    79 |    48 ||   127
 Cast: Summon Small Mamm |    18 |       |     2 ||    20
       Call Imp          |    11 |    22 |     5 ||    38
       Call Canine Famil |       |    14 |     4 ||    18
Invok: Channel Energy    |       |       |     1 ||     1
  Use: Potion            |     1 |     6 |     1 ||     8
       Scroll            |       |     9 |       ||     9
 Stab: Sleeping          |     1 |     3 |     2 ||     6
       Distracted        |       |     1 |       ||     1
       Invisible         |       |     1 |       ||     1
       Petrifying        |       |     2 |       ||     2
       Paralysed         |       |       |     1 ||     1
  Eat: Corpse            |    16 |    18 |     7 ||    41
